 Dungeon Crawl Stone Soup version 0.28.0 (webtiles) character file.

Game seed: 2827658187290672

3140 H0rd4k the Thaumaturge (level 9, -1/47 HPs)
             Began as a Deep Elf Hedge Wizard on Feb 14, 2022.
             Slain by a slime creature (21 damage)
             ... on level 8 of the Dungeon on Feb 15, 2022.
             The game lasted 00:20:58 (12839 turns).

H0rd4k the Thaumaturge (Deep Elf Hedge Wizard)     Turns: 12839, Time: 00:20:59

Health: -1/47      AC:  2    Str: 13    XL:     9   Next: 61%
Magic:  26/26      EV: 13    Int: 30    God:
Gold:   388        SH:  0    Dex: 14    Spells: 17/31 levels left

rFire   . . .      SeeInvis .   e - +4 dagger
rCold   . . .      Faith    .   (no shield)
rNeg    . . .      Spirit   .   b - +0 robe
rPois   .          Reflect  .   c - +0 hat
rElec   .          Harm     .   (no cloak)
rCorr   .          Rampage  .   (no gloves)
Will    .....                   (no boots)
Stlth   ++........              (no amulet)
HPRegen 0.15/turn               a - +6 ring of intelligence
MPRegen 0.20/turn               B - +6 ring of strength

@: no status effects
A: no striking features
a: no special abilities


You were on level 8 of the Dungeon.
You visited 2 branches of the dungeon, and saw 9 of its levels.

You collected 388 gold pieces.

Inventory:

Hand Weapons
 e - a +4 dagger (weapon)
Missiles
 i - 12 poisoned darts
Armour
 b - a +0 robe (worn)
 c - a +0 hat (worn)
Magical Staves
 m - a staff of poison
 s - a staff of earth
Jewellery
 a - a +6 ring of intelligence (left hand)
 p - a ring of protection from cold
 B - a +6 ring of strength (right hand)
Wands
 v - a wand of polymorph (7)
 y - a wand of iceblast (13)
Scrolls
 g - a scroll of blinking
 h - a scroll of enchant armour {unknown}
 k - 2 scrolls of noise {unknown}
 n - 4 scrolls of amnesia {unknown}
 q - 3 scrolls of teleportation {unknown}
 u - a scroll of immolation {unknown}
 w - a scroll of enchant weapon {unknown}
 x - a scroll of fear {unknown}
Potions
 d - a potion of might
 f - 2 potions of invisibility
 l - 2 potions of mutation
 o - a potion of heal wounds
 r - 4 potions of brilliance
 t - a potion of lignification {unknown}
 z - 2 potions of haste
 A - a potion of ambrosia
 C - a potion of berserk rage {unknown}


   Skills:
 + Level 1.0 Fighting
 + Level 4.2 Dodging
 - Level 2.4 Stealth
 + Level 11.8 Spellcasting
 + Level 7.1 Conjurations
 + Level 1.1 Summonings
 + Level 3.1 Translocations
 + Level 3.7 Fire Magic
 + Level 3.7 Air Magic
 * Level 3.0 Earth Magic
 + Level 3.3 Poison Magic


You had 17 spell levels left.
You knew the following spells:

 Your Spells              Type           Power      Damage    Failure   Level
a - Magic Dart            Conj           100%       1d8       1%          1
b - Blink                 Tloc           72%        N/A       1%          2
c - Conjure Flame         Conj/Fire      50%        6-21      1%          3
d - Mephitic Cloud        Conj/Pois/Air  46%        N/A       1%          3
e - Lee's Rapid Deconstr  Erth           18%        3d12*     22%         5

Your spell library contained the following spells:

 Spells                   Type           Power      Damage    Failure   Level
 Call Imp                 Summ           24%        N/A       2%          2
 Slow                     Hex            68%        N/A       3%          1
 Ignite Poison            Fire/Tmut/Pois 31%        N/A       3%          3
 Iskenderun's Mystic Bla  Conj/Tloc      48%        2d11      3%          4
 Sticky Flame             Conj/Fire      50%        2d7       3%          4
 Fulminant Prism          Conj/Hex       19%        3d11      7%          4
 Summon Forest            Summ/Tloc      15%        N/A       34%         5
 Eringya's Noxious Bog    Tmut/Pois      13%        N/A       92%         6
 Summon Hydra             Summ           12%        N/A       100%        7


Dungeon Overview and Level Annotations

Branches:
Dungeon (8/15)             Temple (1/1) D:4
   Lair: D:8-11

Altars:
Ashenzari
Cheibriados
Dithmenos
Elyvilon
Fedhas
Gozag
Hepliaklqana
Kikubaaqudgha
Makhleb
Nemelex Xobeh
Qazlal
Ru
Sif Muna
Trog
Uskayaw
Vehumet
Wu Jian
Yredelemnul
The Shining One

Shops:
D:6 ?   D:7 :

Annotations:
D:2 exclusion: downstairs
D:4 exclusion: upstairs
D:5 exclusion: 2 downstairs
D:7 exclusions: 3 downstairs and upstairs
D:8 Psyche


Message History

d - a potion of might
(D) Dungeon (T) Temple
Where to? (Enter - D:8, ? - help)
There is a stone staircase leading down here.
You climb downwards.
Level annotation: Psyche The orc shouts!
You hear a shout!
The killer bee zombie hits you.
The killer bee zombie barely misses you.
The killer bee zombie hits you.
A gnoll comes into view. It is wielding a +0 whip.
A gnoll shaman comes into view. It is wielding a +0 club.
There is a stone staircase leading up, spattered with blood here.
The killer bee zombie hits you.
The killer bee zombie hits you but does no damage.
The gnoll shaman calls upon its god to speed up the gnoll.
The gnoll seems to speed up.
You climb upwards.
Level annotation: exclusions: 2 downstairs and upstairs
There is a stone staircase leading down here.
Press: ? - help, . - travel You can't see that place. [a rock wall.]
Press: ? - help, v - describe, . - travel A stone staircase leading down.
Placed new exclusion.
Reduced exclusion size to a single square.
There is an escape hatch in the floor here.
HP restored.
Done exploring.
You slide downwards.
The hatch slams shut behind you.
Level annotation: Psyche The slime creature quivers. x2
The centaur shouts!
The centaur wields a +0 shortbow.
The centaur shoots an arrow.
The arrow hits you.
The centaur shoots an arrow.
The arrow hits you! The slime creature hits you!
Found 17 arrows.
Found four altars.
The centaur shoots an arrow.
The arrow hits you. The slime creature hits you!!
You die...

.........#
........+
......(#
.....J#####
#####.........#
..............#
..............#
.......@J.J...#
..............#
.
..............#
####..........#
# #.._..._...+
# #..........#
# ......⌠.....#
.c...........#
#
....._..._...#
#


You could see 3 slime creatures and a centaur.

Vanquished Creatures
  A water moccasin (D:6)
  Pargi (D:3)
  3 black bears
  An ice beast (D:6)
  7 necrophages
  A tengu (D:7)
  3 centaurs
  A phantom (D:4)
  A bullfrog (D:6)
  A scorpion (D:7)
  A wyvern zombie (D:6)
  2 water moccasin zombies (D:5)
  5 wights (D:6)
  6 centaur zombies
  3 hounds (D:6)
  2 jellies
  3 centaur skeletons
  2 orc priests
  3 bullfrog skeletons
  5 iguanas
  5 orc wizards
  2 killer bee zombies
  2 howler monkey zombies
  4 gnolls (D:3)
  A howler monkey skeleton (D:5)
  4 adders
  A white imp (D:6)
  An ufetubus (D:4)
  An adder skeleton (D:4)
  2 worms
  3 dart slugs
  18 orcs
  7 ball pythons
  8 endoplasms
  3 giant cockroaches
  10 goblins
  4 hobgoblins
  5 jackals
  6 kobolds
  2 quokkas (D:2)
  5 bats
  A frilled lizard (D:3)
  5 rats
152 creatures vanquished.

Vanquished Creatures (others)
  A bush (D:5)
  13 plants (D:5)
  7 withered plants (D:6)
21 creatures vanquished.

Grand Total: 173 creatures vanquished

Notes
Turn   | Place    | Note
-------+----------+-------------------------------------------
     0 | D:1      | H0rd4k the Deep Elf Hedge Wizard began the quest for the
                  | Orb.
     0 | D:1      | Reached XP level 1. HP: 10/10 MP: 7/7
   212 | D:1      | Found a faded altar of an unknown god.
   454 | D:1      | Reached XP level 2. HP: 15/15 MP: 4/9
   613 | D:1      | Reached skill level 5 in Spellcasting
  1241 | D:2      | Reached XP level 3. HP: 16/19 MP: 4/11
  1244 | D:2      | Learned a level 2 spell: Blink
  1248 | D:2      | Learned a level 3 spell: Conjure Flame
  1253 | D:2      | Learned a level 3 spell: Mephitic Cloud
  2253 | D:3      | Noticed Pargi
  2328 | D:2      | Reached XP level 4. HP: 21/24 MP: 2/13
  2817 | D:3      | Reached skill level 1 in Air Magic
  2977 | D:4      | Found a staircase to the Ecumenical Temple.
  3059 | Temple   | Entered the Ecumenical Temple
  3186 | D:4      | Reached skill level 1 in Poison Magic
  3293 | D:4      | Reached XP level 5. HP: 28/28 MP: 10/15
  3314 | D:4      | Noticed a centaur
  3323 | D:5      | Entered Level 5 of the Dungeon
  3323 | D:5      | Noticed a black bear
  3515 | D:5      | Found a glowing golden altar of the Shining One.
  3526 | D:5      | Reached skill level 6 in Spellcasting
  3834 | D:5      | Found a blossoming altar of Fedhas.
  3877 | D:5      | Reached skill level 1 in Fire Magic
  4054 | D:6      | Noticed a black bear
  4079 | D:5      | Reached XP level 6. HP: 10/32 MP: 7/17
  4418 | D:5      | Reached skill level 7 in Spellcasting
  4643 | D:5      | Reached XP level 7. HP: 36/36 MP: 13/19
  5111 | D:4      | Found an ancient bone altar of Kikubaaqudgha.
  5221 | D:4      | Reached skill level 8 in Spellcasting
  5846 | D:5      | Reached XP level 8. HP: 41/41 MP: 12/22
  6404 | D:6      | Reached skill level 9 in Spellcasting
  6516 | D:6      | Reached skill level 5 in Conjurations
  7015 | D:6      | Reached skill level 10 in Spellcasting
  7242 | D:6      | Found Rizaemop's Magic Scroll Shoppe.
  7907 | D:7      | Learned a level 5 spell: Lee's Rapid Deconstruction
  7933 | D:7      | Found Lukiet's Book Shop.
  8033 | D:7      | Reached XP level 9. HP: 25/46 MP: 21/25
  8935 | D:7      | Reached skill level 1 in Earth Magic
  9932 | D:6      | Reached skill level 11 in Spellcasting
 10997 | D:5      | Reached skill level 1 in Fighting
 12221 | D:3      | Killed Pargi
 12436 | D:8      | Noticed Psyche
 12838 | D:8      | Found an opulent altar of Gozag.
 12838 | D:8      | Found a basalt altar of Yredelemnul.
 12838 | D:8      | Found an ornate altar of the Wu Jian Council.
 12838 | D:8      | Found a burning altar of Makhleb.
 12839 | D:8      | Slain by a slime creature

Illustrated notes

Levels and vault maps discovered:
D:1:      tarquinn_simple_flora_water_e, layout_loops_ring,
          hellmonk_ecumenical_altar_crossroads
D:2:      layout_loops_cross
D:3:      layout_basic, uniq_pargi
D:4:      layout_loops_corners, mainiacjoe_overflow_paths,
          minmay_temple_entry_antechambers
D:5:      layout_loops_ring, amcnicky_altar_gilded, fedhas_altar_decomposition
D:6:      layout_loops_ring, serial_shops, shop, serial_undead, serial_undead_c,
          serial_undead_b, serial_undead_e, serial_undead_a,
          kennysheep_nondescript
D:7:      layout_loops_ring, nicolae_wooded_promenade,
          nicolae_figureground_sparkle
D:8:      layout_basic, grunt_temple_overflow_open, zin_academy,
          grunt_ministairs_9, nicolae_fountain_basement, uniq_psyche,
          uniq_harold
Temple:   minmay_temple_bridge_abc

Skill      XL: |  1  2  3  4  5  6  7  8  9 |
---------------+----------------------------+-----
Spellcasting   | 5 6 7 8 10 11 | 11.8
Conjurations   | 2 3 4 6 7 |  7.1
Air Magic      | 1 2 3 |  3.7
Poison Magic   | 1 2 3 |  3.3
Fire Magic     | 1 2 3 |  3.7
Translocations | 2 3 |  3.1
Dodging        | 3 4 |  4.2
Earth Magic    | 3 |  3.0
Fighting       | 1 |  1.0
Stealth        | |  2.4
Summonings     | |  1.1

Action                   |  1- 3 |  4- 6 |  7- 9 || total
-------------------------+-------+-------+-------++-------
 Cast: Magic Dart        |   130 |   101 |   431 ||   662
       Conjure Flame     |       |     5 |    40 ||    45
       Blink             |       |     2 |    16 ||    18
       Mephitic Cloud    |       |     1 |    10 ||    11
Evoke: Wand              |       |       |     1 ||     1
  Use: Potion            |       |     2 |     1 ||     3
       Scroll            |       |     1 |     7 ||     8
Armor: Robe              |     4 |     3 |    20 ||    27
Dodge: Dodged            |    13 |    12 |    96 ||   121
